 Dungeon Sprint DCSS version 0.15-a0-1224-g3833f9c (webtiles) character file.

800000 Infinimo the Severer (level 12, -71/122 HPs)
             Began as a Demigod Gladiator on June 1, 2014.
             Annihilated by a meat berserker
             ... wielding a +9,+9 battleaxe
              (73 damage)
             ... in the Dungeon (Sprint VIII: "Arena of Blood").
             The game lasted 00:00:18 (8 turns).

Infinimo the Severer (Demigod Gladiator)               Turns: 8, Time: 00:00:18

HP -71/122       AC  4     Str 21      XL: 12   Next: 98%
MP  19/19        EV 28     Int 13      God:
Gold 0           SH  0     Dex 22      Spells:  0 memorised, 11 levels left

rFire  . . .     SeeInvis .     l - +∞ Axe of Woe
rCold  . . .     Clarity  .     b - +0 leather armour
rNeg   . . .     rCorr    .     (no shield)
rPois  .         rRot     .     c - +0 helmet
rElec  .         Spirit   .     (no cloak)
SustAb .         Warding  .     (no gloves)
rMut   .         NoTele   +     (no boots)
Gourm  .                        (no amulet)
MR     +....                    (no ring)
                                (no ring)

@: somewhat resistant to hostile enchantments, unstealthy
A: no striking features
a: no special abilities


You were in the Dungeon.
You were not hungry.

You visited 1 branch

Inventory:

Hand weapons
 a - a +0,+0 war axe
 l - the +∞,+∞ Axe of Woe (weapon)
   (You found it in the Dungeon)
Missiles
 d - 3 throwing nets (quivered)
Armour
 b - a +0 leather armour (worn)
 c - a +0 helmet (worn)
Comestibles
 f - a bread ration
Scrolls
 k - a scroll of blinking
Potions
 e - a potion of curing
 g - a potion of heal wounds
 h - a potion of haste
 i - 2 potions of magic
 j - a potion of berserk rage


   Skills:
 + Level 16.1 Fighting
 + Level 16.2 Axes
 + Level 16.1 Throwing
 + Level 16.2 Dodging


You had 11 spell levels left.
You didn't know any spells.

Dungeon Overview and Level Annotations

Branches:
Dungeon (1/1)


Message History

You dissect the bag of meat like a pig carcass.
You kill the bag of meat!
Your Fighting skill increases to level 14!
Your Axes skill gained 2 levels and is now at level 15!
Your Throwing skill increases to level 14!
Your Dodging skill gained 2 levels and is now at level 15!
You have reached level 12!
Your experience leads to an increase in your attributes!
Increase (S)trength, (I)ntelligence, or (D)exterity?
You feel agile. x2
You cleave the bag of meat in twain.
You kill the bag of meat!
Your Fighting skill gained 2 levels and is now at level 16!
Your Axes skill increases to level 16!
Your Throwing skill gained 2 levels and is now at level 16!
Your Dodging skill increases to level 16!
You hear a shout! x7
The meat berserker hits you with a +9,+9 battleaxe!!!!
Ouch! That really hurt!
You die...

.... ........
......... .........
#.......# .
#.......# ...
.###.. ....###....
......###))..O....O
......._..@O.......
...#.....#)..O...#
#_.<._#o......
#.....#......#
......_..........
......###........
.###.. ...###.. #..
...# . #. ...#


You could see 4 meat berserkers and a bag of meat.

Vanquished Creatures
  An ogre (D)
  2 orcs (D)
3 creatures vanquished.

Notes
Turn   | Place    | Note
--------------------------------------------------------------
     0 | D        | Infinimo, the Demigod Gladiator, began the quest for the Orb.
     0 | D        | Reached XP level 1. HP: 17/17 MP: 2/2
     3 | D        | Noticed a bag of meat
     5 | D        | Noticed a bag of meat
     6 | D        | Noticed a bag of meat
     6 | D        | Noticed a meat berserker
     6 | D        | Noticed a meat berserker
     7 | D        | Noticed a meat berserker
     7 | D        | Killed a meat berserker
     7 | D        | Reached skill level 13 in Fighting
     7 | D        | Reached XP level 2. HP: 20/44 MP: 3/3
     7 | D        | Reached XP level 3. HP: 22/50 MP: 5/5
     7 | D        | Reached XP level 4. HP: 25/58 MP: 7/7
     7 | D        | Reached XP level 5. HP: 27/64 MP: 8/8
     7 | D        | Reached XP level 6. HP: 30/72 MP: 10/10
     7 | D        | Reached XP level 7. HP: 32/79 MP: 12/12
     7 | D        | Reached XP level 8. HP: 34/86 MP: 13/13
     7 | D        | Reached XP level 9. HP: 36/93 MP: 15/15
     7 | D        | Reached XP level 10. HP: 39/101 MP: 17/17
     7 | D        | Reached XP level 11. HP: 41/107 MP: 18/18
     7 | D        | HP: 2/107 [bag of meat/+9,+9 war axe (39)]
     8 | D        | Noticed a meat berserker
     8 | D        | Killed a bag of meat
     8 | D        | Reached skill level 14 in Fighting
     8 | D        | Reached skill level 15 in Axes
     8 | D        | Reached skill level 15 in Dodging
     8 | D        | Reached XP level 12. HP: 2/118 MP: 19/19
     8 | D        | Killed a bag of meat
     8 | D        | Reached skill level 16 in Fighting
     8 | D        | Annihilated by a meat berserker

Action                   |  1- 3 |  4- 6 |  7- 9 | 10-12 || total
-------------------------+-------+-------+-------+-------++-------
Melee: Executioner's axe |     1 |       |       |     1 ||     2
